 Dungeon Crawl Stone Soup version 0.13.0-25-g43d4df3 (webtiles) character file.

320 MackTheKnife the Insei (level 5, 0/37 HPs)
             Began as a Demonspawn Transmuter on Oct 29, 2013.
             Killed by divine providence
             ... invoked by an orc priest
              (9 damage)
             ... on Level 3 of the Dungeon.
             The game lasted 00:04:42 (2468 turns).

MackTheKnife the Insei (Demonspawn Transmuter)      Turns: 2468, Time: 00:04:42

HP   0/37        AC  7     Str 10      XL: 5   Next: 20%
MP   2/7         EV  9     Int 14      God:
Gold 157         SH  0     Dex 15      Spells:  2 memorised,  5 levels left

Res.Fire  : . . .   See Invis. : .     - Unarmed
Res.Cold  : . . .   Warding    : .   h - +2 ring mail
Life Prot.: . . .   Conserve   : .   (no shield)
Res.Poison: .       Res.Corr.  : .   n - +0 elf cap
Res.Elec. : .       Clarity    : .   (no cloak)
Sust.Abil.: . .     Spirit.Shd : .   (no gloves)
Res.Mut.  : .       Stasis     : .   (no boots)
Res.Rott. : .       Flight     : .   (no amulet)
Saprovore : + . .                    (no ring)
                                     (no ring)

@: very slightly contaminated, slightly resistant to hostile enchantments, very
unstealthy
A: antennae 1, talons 1, saprovore 1
a: no special abilities


You were on level 3 of the Dungeon.
You were not hungry.

You visited 1 branch of the dungeon, and saw 3 of its levels.

You collected 137 gold pieces.

Inventory:

Missiles
 b - 25 arrows
Armour
 c - a +0 robe
 h - a +2 ring mail (worn)
 n - a +0 elven cap (worn)
Comestibles
 a - 2 bread rations
 v - a meat ration
Scrolls
 f - a scroll of remove curse {unknown}
 g - a scroll of enchant armour {unknown}
 k - a scroll of blinking
 m - a scroll of teleportation {unknown}
 r - a scroll of curse armour {unknown}
 t - a scroll of enchant weapon I {unknown}
 u - a scroll of noise {unknown}
Jewellery
 e - a +2 ring of protection {unknown}
 j - a cursed ring of hunger {unknown}
 p - a +2 ring of strength {unknown}
Potions
 i - a potion of mutation {unknown}
 l - a potion of magic {unknown}
 o - a potion of confusion {unknown}
 q - 2 potions of curing {unknown}
 s - 2 potions of heal wounds {unknown}
 w - a potion of restore abilities {unknown}
Books
 d - a book of Changes

   Spells                             Type                      Level
   *Beastly Appendage                 Transmutation                1
   *Sticks to Snakes                  Transmutation                2
   Spider Form                        Transmutation/Poison         3
   Ice Form                           Ice/Transmutation            4
   Blade Hands                        Transmutation                5


   Skills:
 - Level 1.0 Fighting
 - Level 1.7 Dodging
 * Level 4.5 Unarmed Combat
 - Level 2.0 Spellcasting
 + Level 3.3 Transmutations


You had 5 spell levels left.
You knew the following spells:

 Your Spells              Type           Power        Failure   Level  Hunger
a - Beastly Appendage     Trmt           ##....       14%         1    ##.....
b - Sticks to Snakes      Trmt           ##........   21%         2    ###....


Dungeon Overview and Level Annotations

Branches:
Dungeon (3/27)

Altars:
Xom


Innate Abilities, Weirdness & Mutations

You have a pair of small antennae on your head.
You have sharp toenails.
You can tolerate rotten meat.


Message History

Your ball python bites the orc but does no damage.
Your ball python constricts the orc.
The goblin barely misses your ball python.
The orc escapes!
Your ball python bites the orc.
Your ball python grabs the orc.
Your ball python constricts the orc.
Unknown command.
Your ball python bites the orc but does no damage.
Your ball python constricts the orc.
The orc struggles to escape constriction.
Unknown command.
Your ball python bites the orc but does no damage.
Your ball python constricts the orc.
The orc struggles to escape constriction.
There is a stone staircase leading up here.
Unknown command.
Your ball python bites the orc.
The orc dies!
The orc priest calls down the wrath of Beogh upon you.
Something smites you!
You die...

############### ##
#.............#
...######.............#
.o.'.o.##.............#
...###.##o).....@.....#
oo #..oS.g..........# g
####.............#
#........[....#
#.............#
########)###### ##)#
#####..# #.....##


You could see an orc priest, an orc, a goblin and a friendly ball python.

Vanquished Creatures
  2 orc wizards (D:3)
  An orc priest (D:3)
  5 adders (D:2)
  A worm (D:3)
  2 giant geckos
  2 orcs (D:3)
  A ball python (D:2)
  3 giant cockroaches
  5 hobgoblins
  3 jackals (D:1)
  2 kobolds (D:1)
  6 bats
  3 giant newts
  2 goblins
  7 rats
45 creatures vanquished.

Vanquished Creatures (collateral kills)
  An orc (D:3)
1 creature vanquished.

Grand Total: 46 creatures vanquished

Notes
Turn   | Place    | Note
--------------------------------------------------------------
     0 | D:1      | MackTheKnife, the Demonspawn Transmuter, began the quest for the Orb.
     0 | D:1      | Reached XP level 1. HP: 15/15 MP: 1/1
   239 | D:1      | Gained mutation: You have sharp toenails. [demonic ancestry]
   239 | D:1      | Reached XP level 2. HP: 1/21 MP: 0/3
   653 | D:1      | Learned a level 2 spell: Sticks to Snakes
   672 | D:1      | Reached skill level 3 in Unarmed Combat
  1258 | D:2      | Gained mutation: You can tolerate rotten meat. [demonic ancestry]
  1258 | D:2      | Reached XP level 3. HP: 19/26 MP: 1/4
  1710 | D:2      | Found a shimmering altar of Xom.
  1922 | D:2      | Gained mutation: You have a pair of small antennae on your head. [demonic ancestry]
  1922 | D:2      | Reached XP level 4. HP: 32/32 MP: 6/6
  2097 | D:3      | Reached skill level 4 in Unarmed Combat
  2244 | D:3      | Reached XP level 5. HP: 17/37 MP: 1/7
  2468 | D:3      | Killed from afar by an orc priest

Action                   |  1- 3 |  4- 6 || total
-------------------------+-------+-------++-------
Melee: Unarmed           |   149 |    47 ||   196
 Cast: Beastly Appendage |     5 |       ||     5
       Sticks to Snakes  |       |     3 ||     3
  Use: Scroll            |     1 |       ||     1
